 Dungeon Crawl Stone Soup version 0.29-a0-330-g52719c12eb (webtiles) character file.

Game seed: 5104129174483036364

2728 kae the Firebug (level 9, -7/62 HPs)
             Began as a Demigod Fire Elementalist on Apr 30, 2022.
             Mangled by an orc warrior
             ... wielding a +0 trident
              (17 damage)
             ... on level 7 of the Dungeon.
             The game lasted 00:05:48 (8868 turns).

kae the Firebug (Demigod Fire Elementalist)         Turns: 8868, Time: 00:05:49

Health: -7/62      AC:  5    Str:  9    XL:     9   Next: 17%
Magic:  14/22      EV: 12    Int: 29    God:
Gold:   266        SH:  5    Dex: 14    Spells: 8/21 levels left

rFire   + . .      SeeInvis .   f - +1 whip
rCold   . . .      Faith    .   (no shield)
rNeg    . . .      Spirit   .   a - +0 robe
rPois   .          Reflect  +   (no helmet)
rElec   .          Harm     .   v - +2 cloak
rCorr   .          Rampage  .   (no gloves)
Will    .....                   (no boots)
Stlth   ++........              g - amulet of reflection
HPRegen 0.20/turn               e - ring of protection from cold
MPRegen 0.18/turn               d - ring of fire

@: no status effects
A: high MP 1, forlorn, divine attributes
a: no special abilities


You were on level 7 of the Dungeon.
You visited 1 branch of the dungeon, and saw 7 of its levels.

You collected 266 gold pieces.

Inventory:

Hand Weapons
 f - a +1 whip (weapon)
Armour
 a - a +0 robe (worn)
 m - a +0 cloak
 v - a +2 cloak (worn)
Jewellery
 d - a ring of fire (right hand)
 e - a ring of protection from cold (left hand)
 g - an amulet of reflection (around neck)
 w - an amulet of the acrobat
 x - a ring of protection from fire
 A - a ring of wizardry
Wands
 t - a wand of flame (30)
Scrolls
 j - a scroll of fog
 k - a scroll of teleportation
 r - a scroll of summoning
 y - a scroll of enchant weapon
 z - a scroll of magic mapping
 B - 2 scrolls of immolation {unknown}
Potions
 b - 2 potions of magic
 c - 2 potions of attraction
 h - a potion of haste
 i - 5 potions of curing
 l - a potion of lignification
 n - 3 potions of might
 o - 4 potions of brilliance
 p - a potion of berserk rage
 q - a potion of ambrosia
 s - a potion of mutation
 u - a potion of flight {unknown}
 C - 2 potions of resistance {unknown}


   Skills:
 - Level 1.7 Dodging
 - Level 1.7 Stealth
 + Level 6.5 Spellcasting
 + Level 6.8 Conjurations
 + Level 7.3 Fire Magic


You had 8 spell levels left.
You knew the following spells:

 Your Spells              Type           Power      Damage    Failure   Level
a - Foxfire               Conj/Fire      100%       2x1d9     1%          1
b - Scorch                Fire           100%       2d10      1%          2
c - Conjure Flame         Conj/Fire      66%        6-21      1%          3
d - Inner Flame           Hex/Fire       46%        N/A       3%          3
e - Flame Wave            Conj/Fire      66%        2d12      3%          4

Your spell library contained the following spells:

 Spells                   Type           Power      Damage    Failure   Level
 Summon Small Mammal      Summ           36%        N/A       5%          1
 Call Canine Familiar     Summ           9%         N/A       16%         3
 Summon Guardian Golem    Hex/Summ       9%         N/A       16%         3


Dungeon Overview and Level Annotations

Branches:
Dungeon (7/15)             Temple (0/1) D:5

Shops:
D:3 [   D:4 [=[=


Innate Abilities, Weirdness & Mutations

You have an increased reservoir of magic. (+10% MP)
You shall have no god before yourself.
Your divine heritage dramatically boosts your attributes as you level up.


Message History

The orc warrior is moderately wounded.
There are monsters nearby!
Casting: Foxfire (safe; 1% risk of failure)
Confirm with . or Enter, or press ? or * to list all spells.
You feel a surge of power!
You conjure some foxfire!
The foxfire hits the orc warrior but does no damage.
The orc warrior is moderately wounded.
The foxfire hits the orc warrior but does no damage.
The orc warrior is moderately wounded.
There are monsters nearby!
Casting: Foxfire (safe; 1% risk of failure)
Confirm with . or Enter, or press ? or * to list all spells.
You feel a surge of power!
You conjure some foxfire!
The orc priest miscasts a cantrip.
The foxfire hits the orc warrior but does no damage.
The orc warrior is moderately wounded.
The foxfire hits the orc warrior.
The orc warrior is moderately wounded.
The orc priest mumbles some strange prayers to Beogh against you.
Beogh smites you! You block the orc warrior's attack.
There are monsters nearby!
Casting: Foxfire (safe; 1% risk of failure)
Confirm with . or Enter, or press ? or * to list all spells.
You feel a surge of power!
You conjure some foxfire!
The orc warrior hits you from afar with a +0 trident!
* * * LOW HITPOINT WARNING * * *
The foxfire hits the orc warrior but does no damage.
The orc warrior is moderately wounded.
The orc warrior closely misses you.
The foxfire hits the orc warrior.
The orc warrior is moderately wounded.
There are monsters nearby!
Casting: Foxfire (safe; 1% risk of failure)
Confirm with . or Enter, or press ? or * to list all spells.
You feel a surge of power!
Flames lash the orc priest.
The orc priest is almost dead.
The orc priest's fire resistance burns away.
The orc priest calls upon Beogh to heal the orc warrior.
The orc warrior is healed somewhat.
The orc warrior hits you from afar with a +0 trident!
You die...

....#............P≈≈≈≈≈P.
...)..........>...≈♣♣♣≈..
............###.#..# ..
...........## ####.###.#
...........##.#........#
...........##.....o....#.
#.....#.......##..o.......
..............###†#.......
.÷.......#.....§@§##......
<).......#.....§§)# ......
##.....##.................
#.....#.#...!..♣......≈
...... #P≈≈.≈≈≈≈....♣♣
...##....≈.≈.≈.≈≈P... ####
..≈≈≈≈≈≈≈≈.≈P..
.P.≈.≈≈≈≈.≈≈...


You could see an orc warrior and an orc priest (combustible).

Vanquished Creatures
  A kobold demonologist (D:7)
  Edmund (D:4)
  5 ice beasts
  A sky beast (D:6)
  A black bear (D:7)
  2 ogres
  A centaur (D:6)
  3 phantoms
  3 bullfrogs (D:7)
  2 kobold brigands
  3 scorpions
  2 electric eels (D:7)
  A howler monkey (D:5)
  2 jellies
  3 hounds
  2 orc priests
  5 orc wizards
  3 iguanas (D:5)
  9 adders
  An ufetubus (D:4)
  3 worms
  6 dart slugs
  26 orcs
  5 ball pythons
  7 bats (D:2)
  9 endoplasms
  A giant cockroach (D:4)
  5 goblins
  8 hobgoblins
  3 jackals (D:2)
  6 quokkas
  9 kobolds
  3 rats
  A spectral hobgoblin (D:7)
143 creatures vanquished.

Vanquished Creatures (collateral kills)
  2 foxfires (D:2)
2 creatures vanquished.

Vanquished Creatures (others)
  586 foxfires
  31 plants (D:7)
617 creatures vanquished.

Grand Total: 762 creatures vanquished

Notes
Turn   | Place    | Note
-------+----------+-------------------------------------------
     0 | D:1      | kae the Demigod Fire Elementalist began the quest for the
                  | Orb.
     0 | D:1      | Reached XP level 1. HP: 14/14 MP: 5/5
    52 | D:1      | Reached skill level 1 in Conjurations
   565 | D:1      | Reached XP level 2. HP: 20/20 MP: 5/7
   802 | D:1      | Reached skill level 3 in Fire Magic
  1878 | D:2      | Reached XP level 3. HP: 26/26 MP: 3/9
  3003 | D:3      | Reached XP level 4. HP: 33/33 MP: 4/10
  3914 | D:3      | Found Veaqypef's Armour Boutique.
  4146 | D:4      | Reached XP level 5. HP: 29/38 MP: 8/12
  4150 | D:4      | Learned a level 2 spell: Scorch
  4154 | D:4      | Learned a level 3 spell: Conjure Flame
  4223 | D:4      | Found Zixyo's Jewellery Emporium.
  4443 | D:4      | Noticed Edmund
  4458 | D:4      | Killed Edmund
  4459 | D:4      | Reached skill level 4 in Fire Magic
  4459 | D:4      | Reached XP level 6. HP: 10/45 MP: 3/14
  4933 | D:4      | Found Guucw's Jewellery Emporium.
  4979 | D:4      | Found Eddiwu's Armour Boutique.
  5179 | D:4      | Found Ditir's Antique Armour Emporium.
  5357 | D:5      | Entered Level 5 of the Dungeon
  5400 | D:5      | Reached XP level 7. HP: 36/50 MP: 8/16
  5610 | D:5      | Reached skill level 5 in Fire Magic
  6163 | D:5      | Reached skill level 5 in Conjurations
  6234 | D:5      | Found a staircase to the Ecumenical Temple.
  6384 | D:6      | Reached skill level 5 in Spellcasting
  6421 | D:6      | Reached XP level 8. HP: 46/57 MP: 13/19
  6711 | D:6      | Reached skill level 6 in Fire Magic
  8040 | D:7      | Noticed a kobold demonologist
  8051 | D:7      | Killed a kobold demonologist
  8126 | D:7      | Learned a level 3 spell: Inner Flame
  8131 | D:7      | Learned a level 4 spell: Flame Wave
  8280 | D:7      | Reached skill level 7 in Fire Magic
  8376 | D:7      | Reached XP level 9. HP: 47/62 MP: 18/22
  8868 | D:7      | Mangled by an orc warrior

Illustrated notes

Levels and vault maps discovered:
D:1:      lemuel_arrival_cross, layout_rooms, serial_co_window_serial,
          co_window_paths_a, co_window_of_opportunity_a, co_window_paths_b,
          co_window_paths_a, co_window_paths_a, co_window_paths_c,
          co_window_2corner, co_window_corner_cb, co_window_paths_c,
          co_window_2corner, co_window_of_opportunity_b, co_window_broadway_a,
          glass_columns_b, glass_columns_a
D:2:      layout_basic, hellmonk_ecumenical_altar_run_dry, hex_tiny,
          dk_noncrumbling_2
D:3:      layout_loops_ring, serial_shops, shop, nicolae_figureground_sparkle
D:4:      layout_loops_cross, serial_shops, nicolae_shop_hallway_plus,
          nicolae_shop_waterfront, shop_statue, nicolae_lakefront_shop,
          uniq_edmund
D:5:      layout_basic, temple_fountains
D:6:      layout_loops_corners, kennysheep_flooded_box
D:7:      layout_cave_pools, old_standard_altar,
          nicolae_hepliaklqana_monster_ancestors,
          nicolae_qazlal_scattered_showers, serial_bayou, serial_bayou_pond_b,
          serial_bayou_lagoon_b, serial_bayou_pond_d, serial_bayou_lake_a,
          serial_bayou_ford_a, minmay_misc_feat_nine_boxes

Skill      XL: |  1  2  3  4  5  6  7  8 |
---------------+-------------------------+-----
Conjurations   | 1 2 3 4 5 6 |  6.8
Spellcasting   | 2 3 4 5 6 |  6.5
Fire Magic     | 3 4 5 7 |  7.3
Dodging        | |  1.7
Stealth        | |  1.7

Action                   |  1- 3 |  4- 6 |  7- 9 || total
-------------------------+-------+-------+-------++-------
Melee: Whip              |     4 |     8 |     1 ||    13
       Punch             |       |     1 |       ||     1
 Cast: Foxfire           |   124 |    96 |   133 ||   353
       Scorch            |       |     6 |    51 ||    57
  Use: Scroll            |     7 |     7 |     4 ||    18
       Potion            |       |       |     1 ||     1
Armor: Robe              |     7 |     5 |    35 ||    47
Dodge: Dodged            |    30 |    13 |    60 ||   103
Block: Other             |       |       |    23 ||    23

Table legend: (Time is in decaauts)
 A = Elapsed time spent in this place.
 B = Non-inter-level travel time spent in this place.
 C = Inter-level travel time spent in this place.
 D = Time resting spent in this place.
 E = Time spent auto-exploring this place.
 F = Levels seen in this place.
 G = Mean time per level.
                   A        B        C        D        E       F      G
               +--------+--------+--------+--------+--------+-----+--------+
         Total |   8869 |   8685 |    184 |    315 |   7118 |   7 | 1267.0 |
       Dungeon |   8869 |   8685 |    184 |    315 |   7118 |   7 | 1267.0 |
               +--------+--------+--------+--------+--------+-----+--------+

Top non-repeatable levels by time:
     D:6: 1657 daAuts
     D:1: 1567 daAuts
     D:2: 1310 daAuts
     D:4: 1254 daAuts
     D:3: 1225 daAuts
     D:5: 1019 daAuts
     D:7: 836 daAuts
